Rangers vs Bruins
Created - May 16, 2017 at 19:25
Goals
|
| Rangers |
0 |
0 |
1 |
1 |
| Bruins |
0 |
1 |
2 |
3 |
|
Shots
|
| Rangers |
8 |
9 |
9 |
26 |
| Bruins |
3 |
6 |
15 |
24 |
|
1st period
No Goal
Penalties :
No Penalty
2nd period
1. Bruins , Henrik Sedin 49 (Jason Demers 29) at 1:16 (SH)
Penalties :
Jonathan Sigalet (Bos) for Interference (Minor) at 1:04, Mark Fistric (NYR) for High sticking (Minor) at 1:19, Jonathan Sigalet (Bos) for Cross-checking (Minor) at 10:07, Milan Lucic (NYR) for Hooking (Minor) at 17:12
3rd period
2. Bruins , Wojtek Wolski 54 (Henrik Sedin 73, Mark Stuart 21) at 0:33
3. Bruins , Jason Demers 5 (Mark Stuart 22, Wojtek Wolski 69) at 4:28 (PP)
4. Rangers , Darren Reid 19 (Matt Greene 23, Cam Barker 45) at 17:03
Penalties :
Chris Bourque (NYR) for High sticking (Minor) at 2:04, Milan Lucic (NYR) for High sticking (Minor) at 3:39, Jonathan Sigalet (Bos) for Goalie Interference (Minor) at 8:27
Goalie Stats
Henrik Lundqvist (NYR), 21 saves from 24 shots - (0.875), L, 31-19-2, 60:00 minutes
Roberto Luongo (Bos), 25 saves from 26 shots - (0.962), W, 33-27-0, 60:00 minutes
Players Stats for Rangers
Player Name G A P +/- PIM S H SB GA TA FO MP PP MP PK MP
------------------------------------------------------------------------------------
Artem Anisimov 0 0 0 0 0 0 1 1 0 0 3/8 11:24 0:00 0:07
Bryan Young 0 0 0 0 0 0 0 1 0 0 0/0 13:11 0:05 0:10
Cam Barker 0 1 1 -1 0 0 0 2 1 2 0/0 27:25 2:12 2:58
Chris Bourque 0 0 0 0 2 1 1 0 0 0 0/0 10:47 0:00 1:24
Darren Reid 1 0 1 -1 0 2 3 0 0 0 0/0 14:08 2:19 0:00
Jakob Silfverberg 0 0 0 0 0 1 2 0 0 0 1/1 16:15 0:05 0:00
James Neal 0 0 0 0 0 0 2 0 0 0 0/0 15:25 1:49 0:00
Mark Fistric 0 0 0 -1 2 0 2 3 0 0 0/0 26:25 2:11 2:48
Matt Greene 0 1 1 0 0 3 1 1 1 0 0/0 19:26 2:01 1:40
Matt Read 0 0 0 0 0 1 1 0 0 0 0/0 12:22 0:05 0:00
Mike Cammalleri 0 0 0 0 0 2 3 0 0 2 0/0 16:41 1:49 0:38
Milan Lucic 0 0 0 -1 4 5 3 1 0 1 2/5 20:19 2:19 1:12
Nathan Gerbe 0 0 0 0 0 2 1 1 0 0 0/0 7:53 0:00 0:00
Patrice Bergeron 0 0 0 -1 0 7 2 0 1 0 16/23 21:09 2:19 2:12
Ryan Suter 0 0 0 0 0 1 3 1 0 1 0/0 18:14 2:01 0:05
Staffan Kronwall 0 0 0 0 0 0 0 2 0 1 0/0 13:43 0:00 1:35
Stephen Weiss 0 0 0 0 0 1 2 0 0 0 5/8 17:14 1:49 1:22
Valtteri Filppula 0 0 0 0 0 0 1 0 0 0 5/6 11:09 0:00 1:56
Players Stats for Bruins
Player Name G A P +/- PIM S H SB GA TA FO MP PP MP PK MP
------------------------------------------------------------------------------------
Adam Pineault 0 0 0 0 0 0 1 1 0 0 0/0 13:40 0:11 0:00
Chris Kelly 0 0 0 0 0 2 4 1 2 0 5/10 16:17 1:43 0:04
Curtis Glencross 0 0 0 0 0 0 1 0 0 0 0/0 3:48 0:11 0:50
Dainius Zubrus 0 0 0 0 0 2 0 0 0 0 0/1 15:53 1:43 0:00
Daniel Sedin 0 0 0 0 0 2 1 0 0 0 0/2 17:24 1:43 1:01
Dave Bolland 0 0 0 0 0 0 1 0 0 0 1/3 6:05 0:00 0:00
Daymond Langkow 0 0 0 0 0 1 1 1 0 0 3/4 14:43 0:00 1:04
Henrik Sedin 1 1 2 1 0 3 2 0 0 0 5/21 21:22 2:44 2:16
Jason Demers 1 1 2 0 0 6 1 0 0 1 0/0 24:51 3:03 2:01
Jonathan Sigalet 0 0 0 1 6 2 1 0 1 0 0/0 18:38 1:21 0:00
Mark Stuart 0 2 2 0 0 0 0 1 1 1 0/0 26:01 3:03 2:47
Matt Cooke 0 0 0 0 0 1 2 0 0 1 0/1 14:11 0:11 0:00
Maxim Kondratiev 0 0 0 1 0 0 1 1 0 0 0/0 21:56 1:35 2:12
Mike Weber 0 0 0 0 0 0 1 0 0 0 0/0 14:39 0:00 1:26
Nate Prosser 0 0 0 0 0 1 1 0 0 0 0/0 14:14 0:14 0:00
Victor Oreskovich 0 0 0 0 0 2 1 0 0 0 2/2 19:16 2:44 1:01
Viktor Stalberg 0 0 0 0 0 0 0 0 0 0 0/0 6:05 0:00 0:00
Wojtek Wolski 1 1 2 1 0 2 3 2 3 0 3/7 24:57 2:44 2:10
3 Stars
1 - Wojtek Wolski (Bos)
2 - Henrik Sedin (Bos)
3 - Jason Demers (Bos)
Power Play
Rangers - 0 on 3 Attempt(s) - 0.00%
Bruins - 1 on 4 Attempt(s) - 25.00%
Penalty Kill
Rangers - 3 on 4 Attempt(s) - 75.00%
- Score 0 goal in Penalty Kill
Bruins - 3 on 3 Attempt(s) - 100.00%
- Score 1 goal in Penalty Kill
Team Stat
Rangers - Hits : 28 - Faceoff Wins : 32 - Blocked Shots : 13 - Penalty Minutes : 8
Bruins - Hits : 22 - Faceoff Wins : 19 - Blocked Shots : 7 - Penalty Minutes : 6
Official
Referees : StLaurent Francois and Joannette Marc
Linesman : Michel Cormier and Vaughan Rody
Game Notes
7:52 of 2nd period - Rangers goal is going for a video replay. After video review, No Goal. The referee deems the play has been stopped, even if he had not physically had the opportunity to stop play by blowing his whistle.
Finance
Level 1 -- Attendance: 4001 (66.68%) -- Ticket Income $396,099
Level 2 -- Attendance: 3828 (76.56%) -- Ticket Income $225,852
Level 3 -- Attendance: 1897 (94.85%) -- Ticket Income $55,013
Level 4 -- Attendance: 3852 (96.30%) -- Ticket Income $73,188
Luxury Box -- Attendance: 756 (75.60%) -- Ticket Income $142,884
Game was played at the TD Banknorth Garden.
Total Attendance: 14334 (79.63%)
Total Ticket Income: $893,036
Other Income: $133,955
Total Income: $1,026,991
Rangers
5 vs 5 Forward
Center Left Wing Right Wing Time % Phy DF OF
1 Patrice Bergeron Milan Lucic Jakob Silfverberg 40 1 2 2
2 Stephen Weiss Mike Cammalleri James Neal 30 1 2 2
3 Artem Anisimov Matt Read Darren Reid 20 1 2 2
4 Valtteri Filppula Nathan Gerbe Chris Bourque 10 1 2 2
5 vs 5 Defense
Defense Defense Time % Phy DF OF
1 Cam Barker Mark Fistric 40 1 2 2
2 Matt Greene Ryan Suter 30 1 2 2
3 Staffan Kronwall Bryan Young 20 1 2 2
4 Cam Barker Mark Fistric 10 1 2 2
PowerPlay Forward
Center Left Wing Right Wing Time % Phy DF OF
1 Patrice Bergeron Milan Lucic Darren Reid 60 1 2 2
2 Stephen Weiss Mike Cammalleri James Neal 40 1 2 2
PowerPlay Defense
Defense Defense Time % Phy DF OF
1 Cam Barker Mark Fistric 60 1 2 2
2 Matt Greene Ryan Suter 40 1 2 2
Penalty Kill 4 Players Forward
Center Wing Time % Phy DF OF
1 Milan Lucic Patrice Bergeron 60 1 2 2
2 Stephen Weiss Mike Cammalleri 40 1 2 2
Penalty Kill 4 Players Defense
Defense Defense Time % Phy DF OF
1 Cam Barker Mark Fistric 60 1 2 2
2 Matt Greene Staffan Kronwall 40 1 2 2
Penalty Kill - 3 Players Forward
Forward Time % Phy DF OF
1 Milan Lucic 60 1 2 2
2 Patrice Bergeron 40 1 2 2
Penalty Kill - 3 Players Defense
Defense Defense Time % Phy DF OF
1 Cam Barker Mark Fistric 60 1 2 2
2 Matt Greene Staffan Kronwall 40 1 2 2
4 vs 4 Forward
Center Wing Time % Phy DF OF
1 Milan Lucic Patrice Bergeron 60 1 2 2
2 Stephen Weiss Mike Cammalleri 40 1 2 2
4 vs 4 Defense
Defense Defense Time % Phy DF OF
1 Cam Barker Mark Fistric 60 1 2 2
2 Matt Greene Ryan Suter 40 1 2 2
Last Minutes Offensive
Center Left Wing Right Wing Defense Defense
Patrice Bergeron Milan Lucic Darren Reid Cam Barker Mark Fistric
Last Minutes Defensive
Center Left Wing Right Wing Defense Defense
Patrice Bergeron Milan Lucic Darren Reid Cam Barker Mark Fistric
Goaltenders
Starting : Henrik Lundqvist
Backup : Hannu Toivonen
Extra Forwards
Normal : Jakob Silfverberg, Matt Read, Valtteri Filppula - PP : Jakob Silfverberg, Matt Read - PK : Valtteri Filppula
Extra Defensemen
Normal : Ryan Suter, Bryan Young, Matt Greene - PP : Ryan Suter - PK : Bryan Young, Matt Greene
Penalty Shots
Milan Lucic, Patrice Bergeron, Stephen Weiss, Mike Cammalleri, Darren Reid
Scratches
Alexei Emelin (Healthy)
Bruins
5 vs 5 Forward
Center Left Wing Right Wing Time % Phy DF OF
1 Henrik Sedin Wojtek Wolski Victor Oreskovich 40 1 2 2
2 Chris Kelly Daniel Sedin Dainius Zubrus 30 1 2 2
3 Daymond Langkow Matt Cooke Adam Pineault 20 1 2 2
4 Dave Bolland Viktor Stalberg Wojtek Wolski 10 1 2 2
5 vs 5 Defense
Defense Defense Time % Phy DF OF
1 Jason Demers Mark Stuart 40 1 2 2
2 Maxim Kondratiev Jonathan Sigalet 30 1 2 2
3 Nate Prosser Mike Weber 20 1 2 2
4 Jason Demers Mark Stuart 10 1 2 2
PowerPlay Forward
Center Left Wing Right Wing Time % Phy DF OF
1 Henrik Sedin Wojtek Wolski Victor Oreskovich 60 1 2 2
2 Chris Kelly Daniel Sedin Dainius Zubrus 40 1 2 2
PowerPlay Defense
Defense Defense Time % Phy DF OF
1 Jason Demers Mark Stuart 60 1 2 2
2 Maxim Kondratiev Jonathan Sigalet 40 1 2 2
Penalty Kill 4 Players Forward
Center Wing Time % Phy DF OF
1 Wojtek Wolski Henrik Sedin 60 1 2 2
2 Daniel Sedin Victor Oreskovich 40 1 2 2
Penalty Kill 4 Players Defense
Defense Defense Time % Phy DF OF
1 Jason Demers Mark Stuart 60 1 2 2
2 Maxim Kondratiev Jonathan Sigalet 40 1 2 2
Penalty Kill - 3 Players Forward
Forward Time % Phy DF OF
1 Wojtek Wolski 60 1 2 2
2 Henrik Sedin 40 1 2 2
Penalty Kill - 3 Players Defense
Defense Defense Time % Phy DF OF
1 Jason Demers Mark Stuart 60 1 2 2
2 Maxim Kondratiev Jonathan Sigalet 40 1 2 2
4 vs 4 Forward
Center Wing Time % Phy DF OF
1 Wojtek Wolski Henrik Sedin 60 1 2 2
2 Daniel Sedin Victor Oreskovich 40 1 2 2
4 vs 4 Defense
Defense Defense Time % Phy DF OF
1 Jason Demers Mark Stuart 60 1 2 2
2 Maxim Kondratiev Jonathan Sigalet 40 1 2 2
Last Minutes Offensive
Center Left Wing Right Wing Defense Defense
Henrik Sedin Wojtek Wolski Victor Oreskovich Jason Demers Mark Stuart
Last Minutes Defensive
Center Left Wing Right Wing Defense Defense
Henrik Sedin Wojtek Wolski Victor Oreskovich Jason Demers Mark Stuart
Goaltenders
Starting : Roberto Luongo
Backup : Karri Ramo
Extra Forwards
Normal : Curtis Glencross, Matt Cooke, Daymond Langkow - PP : Curtis Glencross, Matt Cooke - PK : Daymond Langkow
Extra Defensemen
Normal : Nate Prosser, Mike Weber, Maxim Kondratiev - PP : Nate Prosser - PK : Mike Weber, Maxim Kondratiev
Penalty Shots
Wojtek Wolski, Henrik Sedin, Daniel Sedin, Victor Oreskovich, Chris Kelly
Scratches
Andrew Alberts (Strained Groin Injury), Kris Chucko (Healthy), Matt Hendricks (Healthy), Erik Condra (Healthy)
% Time on Ice - Rangers
Lines # - Real PCT - Wanted PCT - Time Play
Normal Forward
1 - 34% - 40% - 16:39
2 - 28% - 30% - 13:36
3 - 23% - 20% - 11:17
4 - 16% - 10% - 7:53
Normal Defense
1 - 39% - 40% - 19:09
2 - 30% - 30% - 14:58
3 - 27% - 20% - 13:19
4 - 4% - 10% - 1:59
PP Forward
1 - 57% - 60% - 2:24
2 - 43% - 40% - 1:49
PP Defense
1 - 52% - 60% - 2:12
2 - 48% - 40% - 2:01
PK Forward
1 - 89% - 60% - 3:46
2 - 11% - 40% - 0:28
PK Defense
1 - 61% - 60% - 2:34
2 - 39% - 40% - 1:40
PK3 Forward
1 - 100% - 60% - 0:24
2 - 0% - 40% - 0:00
PK3 Defense
1 - 100% - 60% - 0:24
2 - 0% - 40% - 0:00
44 Forward
1 - 74% - 60% - 1:17
2 - 26% - 40% - 0:27
44 Defense
1 - 63% - 60% - 1:05
2 - 38% - 40% - 0:39
Last Minute Offensive - 0:00
Last Minute Defensive - 0:00
Total
Forward - 60:00
Defense - 60:00
|
% Time on Ice - Bruins
Lines # - Real PCT - Wanted PCT - Time Play
Normal Forward
1 - 32% - 40% - 15:51
2 - 29% - 30% - 14:10
3 - 27% - 20% - 13:19
4 - 12% - 10% - 6:05
Normal Defense
1 - 37% - 40% - 18:26
2 - 35% - 30% - 17:22
3 - 27% - 20% - 13:13
4 - 1% - 10% - 0:24
PP Forward
1 - 63% - 60% - 2:55
2 - 37% - 40% - 1:43
PP Defense
1 - 66% - 60% - 3:03
2 - 34% - 40% - 1:35
PK Forward
1 - 76% - 60% - 3:12
2 - 24% - 40% - 1:01
PK Defense
1 - 48% - 60% - 2:01
2 - 52% - 40% - 2:12
PK3 Forward
1 - 0% - 60%
2 - 0% - 40%
PK3 Defense
1 - 0% - 60%
2 - 0% - 40%
44 Forward
1 - 71% - 60% - 1:14
2 - 29% - 40% - 0:30
44 Defense
1 - 55% - 60% - 0:57
2 - 45% - 40% - 0:47
Last Minute Offensive - 0:00
Last Minute Defensive - 0:00
Total
Forward - 60:00
Defense - 60:00
|
Play by Play
1st period
0:01 of 1st period - Patrice Bergeron wins face-off versus Henrik Sedin in neutral zone.
0:04 of 1st period - Snap shot by Patrice Bergeron.
0:04 of 1st period - Stopped by Roberto Luongo with a rebound.
0:14 of 1st period - Snap shot by Patrice Bergeron.
0:14 of 1st period - Deflect By Milan Lucic.
0:14 of 1st period - Shot Misses the Net.
0:14 of 1st period - Puck is out of play.
0:15 of 1st period - Chris Kelly wins face-off versus Stephen Weiss in Bruins zone.
0:49 of 1st period - Wrist shot by Matt Read.
0:49 of 1st period - Shot Blocked by Maxim Kondratiev.
0:51 of 1st period - Snap shot by Matt Read.
0:51 of 1st period - Shot Misses the Net.
2:39 of 1st period - Matt Greene is hit by Daymond Langkow.
2:43 of 1st period - Mike Weber is hit by Ryan Suter and loses puck.
3:56 of 1st period - Chris Kelly is hit by Mike Cammalleri and loses puck.
4:03 of 1st period - Maxim Kondratiev is hit by Mike Cammalleri and loses puck.
4:16 of 1st period - Adam Pineault is hit by Chris Bourque and loses puck.
4:50 of 1st period - Daymond Langkow is hit by Jakob Silfverberg and loses puck.
5:00 of 1st period - Icing by Patrice Bergeron.
5:01 of 1st period - Stephen Weiss wins face-off versus Dave Bolland in Rangers zone.
5:32 of 1st period - Slapshot by Patrice Bergeron.
5:32 of 1st period - Stopped by Roberto Luongo with a rebound.
5:34 of 1st period - Wrist shot by Matt Greene.
5:34 of 1st period - Stopped by Roberto Luongo with a rebound.
5:36 of 1st period - Snap shot by Patrice Bergeron.
5:36 of 1st period - Stopped by Roberto Luongo with a rebound.
5:48 of 1st period - Snap shot by Wojtek Wolski.
5:48 of 1st period - Shot Misses the Net.
5:50 of 1st period - Slapshot by Wojtek Wolski.
5:50 of 1st period - Shot Blocked by Artem Anisimov.
5:52 of 1st period - Slapshot by Jason Demers.
5:52 of 1st period - Stopped by Henrik Lundqvist with a rebound.
5:54 of 1st period - Slapshot by Jason Demers.
5:54 of 1st period - Stopped by Henrik Lundqvist without a rebound.
5:55 of 1st period - Patrice Bergeron wins face-off versus Henrik Sedin in Rangers zone.
6:00 of 1st period - Snap shot by Patrice Bergeron.
6:00 of 1st period - Stopped by Roberto Luongo without a rebound.
6:01 of 1st period - Patrice Bergeron wins face-off versus Henrik Sedin in Bruins zone.
6:12 of 1st period - Slapshot by Milan Lucic.
6:12 of 1st period - Shot Misses the Net.
6:14 of 1st period - Snap shot by Milan Lucic.
6:14 of 1st period - Stopped by Roberto Luongo with a rebound.
6:16 of 1st period - Snap shot by Milan Lucic.
6:16 of 1st period - Shot Misses the Net.
7:32 of 1st period - Off-side.
7:33 of 1st period - Valtteri Filppula wins face-off versus Henrik Sedin in neutral zone.
7:59 of 1st period - Milan Lucic is hit by Matt Cooke and loses puck.
8:18 of 1st period - Icing by Mark Fistric.
8:19 of 1st period - Chris Kelly wins face-off versus Stephen Weiss in Rangers zone.
8:22 of 1st period - Snap shot by Chris Kelly.
8:22 of 1st period - Shot Hit the Post.
8:24 of 1st period - Wrist shot by Daniel Sedin.
8:24 of 1st period - Stopped by Henrik Lundqvist with a rebound.
8:26 of 1st period - Wrist shot by Dainius Zubrus.
8:26 of 1st period - Shot Misses the Net.
8:46 of 1st period - Snap shot by Victor Oreskovich.
8:46 of 1st period - Shot Blocked by Mark Fistric.
9:04 of 1st period - Snap shot by Milan Lucic.
9:04 of 1st period - Stopped by Roberto Luongo without a rebound.
9:05 of 1st period - Daymond Langkow wins face-off versus Artem Anisimov in Bruins zone.
9:15 of 1st period - Snap shot by Darren Reid.
9:15 of 1st period - Shot Misses the Net.
9:33 of 1st period - Snap shot by Daymond Langkow.
9:33 of 1st period - Shot Blocked by Matt Greene.
9:55 of 1st period - Snap shot by Chris Kelly.
9:55 of 1st period - Shot Misses the Net.
9:57 of 1st period - Slapshot by Maxim Kondratiev.
9:57 of 1st period - Shot Misses the Net.
9:59 of 1st period - Wrist shot by Dainius Zubrus.
9:59 of 1st period - Shot Blocked by Bryan Young.
10:36 of 1st period - Staffan Kronwall is hit by Nate Prosser and loses puck.
10:47 of 1st period - Slapshot by Wojtek Wolski.
10:47 of 1st period - Shot Blocked by Staffan Kronwall.
11:46 of 1st period - Nate Prosser is hit by Artem Anisimov and loses puck.
12:09 of 1st period - Snap shot by Patrice Bergeron.
12:09 of 1st period - Shot Misses the Net.
12:11 of 1st period - Wrist shot by Milan Lucic.
12:11 of 1st period - Shot Misses the Net.
12:13 of 1st period - Wrist shot by Milan Lucic.
12:13 of 1st period - Shot Misses the Net.
12:23 of 1st period - Daymond Langkow is hit by Mike Cammalleri.
12:35 of 1st period - Icing by Henrik Sedin.
12:36 of 1st period - Henrik Sedin wins face-off versus Patrice Bergeron in Bruins zone.
12:36 of 1st period - Henrik Sedin is hit by Patrice Bergeron.
13:35 of 1st period - Nate Prosser is hit by Darren Reid and loses puck.
14:09 of 1st period - Snap shot by Daniel Sedin.
14:09 of 1st period - Shot Misses the Net.
14:32 of 1st period - Mark Stuart is hit by James Neal and loses puck.
15:07 of 1st period - Slapshot by Henrik Sedin.
15:07 of 1st period - Shot Misses the Net.
16:03 of 1st period - Matt Cooke is hit by Milan Lucic and loses puck.
16:14 of 1st period - Snap shot by Patrice Bergeron.
16:14 of 1st period - Stopped by Roberto Luongo with a rebound.
16:20 of 1st period - Jakob Silfverberg is hit by Jason Demers and loses puck.
16:39 of 1st period - Valtteri Filppula is hit by Adam Pineault and loses puck.
17:03 of 1st period - Mark Stuart is hit by Stephen Weiss.
17:40 of 1st period - Matt Greene is hit by Henrik Sedin and loses puck.
17:51 of 1st period - Matt Read is hit by Mike Weber and loses puck.
Goals for this period are 0 for Rangers vs 0 for Bruins.
Shots for this period are 8 for Rangers vs 3 for Bruins.
2nd period
0:01 of 2nd period - Patrice Bergeron wins face-off versus Henrik Sedin in neutral zone.
0:26 of 2nd period - Mike Cammalleri is hit by Daniel Sedin and loses puck.
1:04 of 2nd period - Minor Penalty to Jonathan Sigalet for Interference.
1:05 of 2nd period - Wojtek Wolski wins face-off versus Patrice Bergeron in Bruins zone.
1:16 of 2nd period - Wrist shot by Henrik Sedin.
1:16 of 2nd period - Goal by Henrik Sedin - Rangers : 0 - Bruins : 1.
1:17 of 2nd period - Patrice Bergeron wins face-off versus Wojtek Wolski in neutral zone.
1:19 of 2nd period - Minor Penalty to Mark Fistric for High sticking.
1:20 of 2nd period - Milan Lucic wins face-off versus Wojtek Wolski in Rangers zone.
1:20 of 2nd period - Milan Lucic is hit by Wojtek Wolski.
1:29 of 2nd period - Wrist shot by Milan Lucic.
1:29 of 2nd period - Shot Misses the Net.
2:30 of 2nd period - Matt Greene is hit by Curtis Glencross.
3:04 of 2nd period - Penalty to Jonathan Sigalet is over, Jonathan Sigalet is back on ice.
3:19 of 2nd period - Penalty to Mark Fistric is over, Mark Fistric is back on ice.
3:31 of 2nd period - Slapshot by Daymond Langkow.
3:31 of 2nd period - Shot Blocked by Mark Fistric.
3:33 of 2nd period - Slapshot by Jason Demers.
3:33 of 2nd period - Stopped by Henrik Lundqvist with a rebound.
3:35 of 2nd period - Slapshot by Jonathan Sigalet.
3:35 of 2nd period - Stopped by Henrik Lundqvist with a rebound.
4:00 of 2nd period - Daniel Sedin is hit by Darren Reid and loses puck.
4:25 of 2nd period - Matt Cooke is hit by Stephen Weiss and loses puck.
4:38 of 2nd period - Matt Cooke is hit by Ryan Suter and loses puck.
4:43 of 2nd period - Snap shot by Milan Lucic.
4:43 of 2nd period - Stopped by Roberto Luongo without a rebound.
4:44 of 2nd period - Henrik Sedin wins face-off versus Patrice Bergeron in Bruins zone.
5:10 of 2nd period - Wrist shot by James Neal.
5:10 of 2nd period - Shot Misses the Net.
5:12 of 2nd period - Snap shot by Stephen Weiss.
5:12 of 2nd period - Stopped by Roberto Luongo with a rebound.
5:14 of 2nd period - Wrist shot by Mike Cammalleri.
5:14 of 2nd period - Stopped by Roberto Luongo without a rebound.
5:15 of 2nd period - Patrice Bergeron wins face-off versus Henrik Sedin in Bruins zone.
5:18 of 2nd period - Slapshot by Patrice Bergeron.
5:18 of 2nd period - Stopped by Roberto Luongo without a rebound.
5:19 of 2nd period - Patrice Bergeron wins face-off versus Henrik Sedin in Bruins zone.
5:53 of 2nd period - Slapshot by Maxim Kondratiev.
5:53 of 2nd period - Shot Blocked by Cam Barker.
6:24 of 2nd period - Wrist shot by Nathan Gerbe.
6:24 of 2nd period - Stopped by Roberto Luongo with a rebound.
6:26 of 2nd period - Slapshot by Matt Greene.
6:26 of 2nd period - Stopped by Roberto Luongo without a rebound.
6:27 of 2nd period - Valtteri Filppula wins face-off versus Wojtek Wolski in Bruins zone.
6:36 of 2nd period - Wrist shot by Nathan Gerbe.
6:36 of 2nd period - Shot Misses the Net.
7:50 of 2nd period - Wrist shot by Chris Bourque.
7:50 of 2nd period - Stopped by Roberto Luongo with a rebound.
7:52 of 2nd period - Snap shot by Nathan Gerbe.
7:52 of 2nd period - Rangers goal is going for a video replay.
7:52 of 2nd period - The goal is refused. The referee deems the play has been stopped, even if he had not physically had the opportunity to stop play by blowing his whistle..
7:53 of 2nd period - Patrice Bergeron wins face-off versus Chris Kelly in Bruins zone.
7:54 of 2nd period - Snap shot by Milan Lucic.
7:54 of 2nd period - Shot Blocked by Chris Kelly.
8:04 of 2nd period - Cam Barker is hit by Chris Kelly and loses puck.
8:46 of 2nd period - Cam Barker is hit by Dave Bolland and loses puck.
9:03 of 2nd period - Patrice Bergeron is hit by Chris Kelly.
10:07 of 2nd period - Minor Penalty to Jonathan Sigalet for Cross-checking.
10:08 of 2nd period - Wojtek Wolski wins face-off versus Patrice Bergeron in Bruins zone.
11:11 of 2nd period - Milan Lucic is hit by Victor Oreskovich and loses puck.
12:07 of 2nd period - Penalty to Jonathan Sigalet is over, Jonathan Sigalet is back on ice.
12:11 of 2nd period - Icing by Jonathan Sigalet.
12:12 of 2nd period - Valtteri Filppula wins face-off versus Daniel Sedin in Bruins zone.
12:41 of 2nd period - Snap shot by Daymond Langkow.
12:41 of 2nd period - Stopped by Henrik Lundqvist without a rebound.
12:42 of 2nd period - Daymond Langkow wins face-off versus Patrice Bergeron in Rangers zone.
12:43 of 2nd period - Slapshot by Matt Cooke.
12:43 of 2nd period - Shot Misses the Net.
12:51 of 2nd period - Snap shot by Jakob Silfverberg.
12:51 of 2nd period - Shot Misses the Net.
12:53 of 2nd period - Slapshot by Matt Greene.
12:53 of 2nd period - Shot Blocked by Adam Pineault.
13:07 of 2nd period - Ryan Suter is hit by Wojtek Wolski and loses puck.
13:13 of 2nd period - Icing by Matt Greene.
13:14 of 2nd period - Stephen Weiss wins face-off versus Henrik Sedin in Rangers zone.
13:35 of 2nd period - Icing by Victor Oreskovich.
13:36 of 2nd period - Patrice Bergeron wins face-off versus Henrik Sedin in Bruins zone.
13:43 of 2nd period - Snap shot by Milan Lucic.
13:43 of 2nd period - Shot Misses the Net.
14:29 of 2nd period - Snap shot by Darren Reid.
14:29 of 2nd period - Stopped by Roberto Luongo with a rebound.
14:31 of 2nd period - Slapshot by Cam Barker.
14:31 of 2nd period - Shot Hit the Post.
15:07 of 2nd period - Dainius Zubrus is hit by Matt Greene and loses puck.
15:22 of 2nd period - Victor Oreskovich is hit by James Neal and loses puck.
16:11 of 2nd period - Slapshot by Dainius Zubrus.
16:11 of 2nd period - Shot Blocked by Nathan Gerbe.
16:13 of 2nd period - Backhand shot by Chris Kelly.
16:13 of 2nd period - Shot Misses the Net.
16:15 of 2nd period - Slapshot by Jonathan Sigalet.
16:15 of 2nd period - Stopped by Henrik Lundqvist without a rebound.
16:16 of 2nd period - Patrice Bergeron wins face-off versus Matt Cooke in Rangers zone.
16:16 of 2nd period - Patrice Bergeron is hit by Matt Cooke.
16:32 of 2nd period - Wrist shot by Jonathan Sigalet.
16:32 of 2nd period - Shot Misses the Net.
17:04 of 2nd period - Matt Read is hit by Wojtek Wolski and loses puck.
17:09 of 2nd period - Slapshot by Victor Oreskovich.
17:09 of 2nd period - Stopped by Henrik Lundqvist without a rebound.
17:10 of 2nd period - Patrice Bergeron wins face-off versus Henrik Sedin in Rangers zone.
17:12 of 2nd period - Minor Penalty to Milan Lucic for Hooking.
17:13 of 2nd period - Valtteri Filppula wins face-off versus Henrik Sedin in Rangers zone.
19:12 of 2nd period - Penalty to Milan Lucic is over, Milan Lucic is back on ice.
19:13 of 2nd period - Milan Lucic is hit by Maxim Kondratiev and loses puck.
Goals for this period are 0 for Rangers vs 1 for Bruins.
Shots for this period are 9 for Rangers vs 6 for Bruins.
3rd period
0:01 of 3rd period - Patrice Bergeron wins face-off versus Henrik Sedin in neutral zone.
0:08 of 3rd period - Snap shot by Patrice Bergeron.
0:08 of 3rd period - Shot Misses the Net.
0:10 of 3rd period - Slapshot by Cam Barker.
0:10 of 3rd period - Shot Blocked by Wojtek Wolski.
0:12 of 3rd period - Wrist shot by Jakob Silfverberg.
0:12 of 3rd period - Shot Misses the Net.
0:14 of 3rd period - Snap shot by Jakob Silfverberg.
0:14 of 3rd period - Stopped by Roberto Luongo with a rebound.
0:16 of 3rd period - Slapshot by Mark Fistric.
0:16 of 3rd period - Shot Blocked by Wojtek Wolski.
0:33 of 3rd period - Snap shot by Wojtek Wolski.
0:33 of 3rd period - Goal by Wojtek Wolski - Rangers : 0 - Bruins : 2.
0:34 of 3rd period - Patrice Bergeron wins face-off versus Chris Kelly in neutral zone.
0:39 of 3rd period - Wrist shot by Daniel Sedin.
0:39 of 3rd period - Shot Blocked by Cam Barker.
0:41 of 3rd period - Slapshot by Dainius Zubrus.
0:41 of 3rd period - Shot Blocked by Mark Fistric.
0:43 of 3rd period - Slapshot by Mark Stuart.
0:43 of 3rd period - Shot Blocked by Milan Lucic.
1:11 of 3rd period - Jonathan Sigalet is hit by Mark Fistric.
1:29 of 3rd period - Backhand shot by Matt Read.
1:29 of 3rd period - Shot Misses the Net.
1:58 of 3rd period - Wrist shot by Daniel Sedin.
1:58 of 3rd period - Stopped by Henrik Lundqvist with a rebound.
2:04 of 3rd period - Minor Penalty to Chris Bourque for High sticking.
2:05 of 3rd period - Milan Lucic wins face-off versus Henrik Sedin in Rangers zone.
2:18 of 3rd period - Snap shot by Victor Oreskovich.
2:18 of 3rd period - Shot Misses the Net.
3:05 of 3rd period - Cam Barker is hit by Henrik Sedin and loses puck.
3:17 of 3rd period - Icing by Daniel Sedin.
3:18 of 3rd period - Stephen Weiss wins face-off versus Daniel Sedin in Bruins zone.
3:24 of 3rd period - Off-side.
3:25 of 3rd period - Henrik Sedin wins face-off versus Milan Lucic in neutral zone.
3:32 of 3rd period - Slapshot by Wojtek Wolski.
3:32 of 3rd period - Shot Misses the Net.
3:34 of 3rd period - Snap shot by Henrik Sedin.
3:34 of 3rd period - Stopped by Henrik Lundqvist without a rebound.
3:35 of 3rd period - Wojtek Wolski wins face-off versus Milan Lucic in Rangers zone.
3:39 of 3rd period - Minor Penalty to Milan Lucic for High sticking.
3:40 of 3rd period - Victor Oreskovich wins face-off versus Valtteri Filppula in Rangers zone.
3:44 of 3rd period - Snap shot by Wojtek Wolski.
3:44 of 3rd period - Shot Misses the Net.
3:48 of 3rd period - Snap shot by Henrik Sedin.
3:48 of 3rd period - Stopped by Henrik Lundqvist without a rebound.
3:49 of 3rd period - Valtteri Filppula wins face-off versus Henrik Sedin in Rangers zone.
4:04 of 3rd period - Penalty to Chris Bourque is over, Chris Bourque is back on ice.
4:26 of 3rd period - Backhand shot by Mark Stuart.
4:26 of 3rd period - Shot Misses the Net.
4:28 of 3rd period - Slapshot by Jason Demers.
4:28 of 3rd period - Goal by Jason Demers - Rangers : 0 - Bruins : 3.
4:29 of 3rd period - Patrice Bergeron wins face-off versus Chris Kelly in neutral zone.
4:34 of 3rd period - Chris Kelly is hit by Milan Lucic and loses puck.
4:42 of 3rd period - Off-side.
4:43 of 3rd period - Patrice Bergeron wins face-off versus Henrik Sedin in neutral zone.
4:46 of 3rd period - Mark Stuart is hit by Mark Fistric and loses puck.
5:19 of 3rd period - Slapshot by Jason Demers.
5:19 of 3rd period - Stopped by Henrik Lundqvist without a rebound.
5:20 of 3rd period - Artem Anisimov wins face-off versus Dainius Zubrus in Rangers zone.
5:20 of 3rd period - Artem Anisimov is hit by Chris Kelly.
5:26 of 3rd period - Slapshot by Matt Read.
5:26 of 3rd period - Stopped by Roberto Luongo without a rebound.
5:27 of 3rd period - Chris Kelly wins face-off versus Artem Anisimov in Bruins zone.
5:38 of 3rd period - Snap shot by Dainius Zubrus.
5:38 of 3rd period - Shot Blocked by Ryan Suter.
5:54 of 3rd period - Snap shot by Milan Lucic.
5:54 of 3rd period - Stopped by Roberto Luongo with a rebound.
5:56 of 3rd period - Slapshot by Ryan Suter.
5:56 of 3rd period - Shot Misses the Net.
5:58 of 3rd period - Snap shot by Milan Lucic.
5:58 of 3rd period - Stopped by Roberto Luongo with a rebound.
6:00 of 3rd period - Snap shot by Ryan Suter.
6:00 of 3rd period - Stopped by Roberto Luongo without a rebound.
6:01 of 3rd period - Jakob Silfverberg wins face-off versus Henrik Sedin in Bruins zone.
6:06 of 3rd period - Wrist shot by Patrice Bergeron.
6:06 of 3rd period - Shot Blocked by Mark Stuart.
6:16 of 3rd period - Wrist shot by Patrice Bergeron.
6:16 of 3rd period - Stopped by Roberto Luongo with a rebound.
6:31 of 3rd period - Off-side.
6:32 of 3rd period - Stephen Weiss wins face-off versus Daymond Langkow in neutral zone.
6:42 of 3rd period - Slapshot by Matt Greene.
6:42 of 3rd period - Stopped by Roberto Luongo without a rebound.
6:43 of 3rd period - Henrik Sedin wins face-off versus Patrice Bergeron in Bruins zone.
7:10 of 3rd period - Snap shot by Adam Pineault.
7:10 of 3rd period - Deflect By Matt Cooke.
7:10 of 3rd period - Stopped by Henrik Lundqvist without a rebound.
7:11 of 3rd period - Daymond Langkow wins face-off versus Stephen Weiss in Rangers zone.
7:24 of 3rd period - Wrist shot by Mike Cammalleri.
7:24 of 3rd period - Stopped by Roberto Luongo without a rebound.
7:25 of 3rd period - Victor Oreskovich wins face-off versus Patrice Bergeron in Bruins zone.
7:32 of 3rd period - Slapshot by Wojtek Wolski.
7:32 of 3rd period - Stopped by Henrik Lundqvist with a rebound.
7:50 of 3rd period - Stephen Weiss is hit by Chris Kelly and loses puck.
8:15 of 3rd period - Slapshot by Cam Barker.
8:15 of 3rd period - Shot Blocked by Daymond Langkow.
8:27 of 3rd period - Minor Penalty to Jonathan Sigalet for Goalie Interference.
8:28 of 3rd period - Patrice Bergeron wins face-off versus Wojtek Wolski in Bruins zone.
10:27 of 3rd period - Penalty to Jonathan Sigalet is over, Jonathan Sigalet is back on ice.
11:14 of 3rd period - Slapshot by Chris Kelly.
11:14 of 3rd period - Shot Misses the Net.
11:20 of 3rd period - Wrist shot by Chris Kelly.
11:20 of 3rd period - Stopped by Henrik Lundqvist with a rebound.
12:00 of 3rd period - Daniel Sedin is hit by Nathan Gerbe.
12:10 of 3rd period - Matt Cooke is hit by Jakob Silfverberg and loses puck.
12:46 of 3rd period - Viktor Stalberg is hit by Matt Read and loses puck.
13:02 of 3rd period - Dainius Zubrus is hit by Patrice Bergeron and loses puck.
14:35 of 3rd period - Dainius Zubrus is hit by Milan Lucic and loses puck.
14:53 of 3rd period - Victor Oreskovich is hit by Darren Reid and loses puck.
15:22 of 3rd period - Nate Prosser is hit by Valtteri Filppula and loses puck.
15:33 of 3rd period - Wrist shot by Nate Prosser.
15:33 of 3rd period - Stopped by Henrik Lundqvist without a rebound.
15:34 of 3rd period - Stephen Weiss wins face-off versus Chris Kelly in Rangers zone.
16:27 of 3rd period - Off-side.
16:28 of 3rd period - Chris Kelly wins face-off versus Milan Lucic in neutral zone.
16:31 of 3rd period - Snap shot by Dainius Zubrus.
16:31 of 3rd period - Stopped by Henrik Lundqvist with a rebound.
17:03 of 3rd period - Snap shot by Darren Reid.
17:03 of 3rd period - Goal by Darren Reid - Rangers : 1 - Bruins : 3.
17:04 of 3rd period - Henrik Sedin wins face-off versus Artem Anisimov in neutral zone.
17:17 of 3rd period - Snap shot by Darren Reid.
17:17 of 3rd period - Shot Misses the Net.
17:19 of 3rd period - Snap shot by Artem Anisimov.
17:19 of 3rd period - Shot Hit the Post.
17:46 of 3rd period - Snap shot by Henrik Sedin.
17:46 of 3rd period - Shot Misses the Net.
17:48 of 3rd period - Snap shot by Henrik Sedin.
17:48 of 3rd period - Shot Misses the Net.
17:50 of 3rd period - Wrist shot by Victor Oreskovich.
17:50 of 3rd period - Deflect By Cam Barker.
17:50 of 3rd period - Stopped by Henrik Lundqvist without a rebound.
17:51 of 3rd period - Artem Anisimov wins face-off versus Chris Kelly in Rangers zone.
17:56 of 3rd period - Snap shot by Chris Kelly.
17:56 of 3rd period - Stopped by Henrik Lundqvist without a rebound.
17:57 of 3rd period - Chris Kelly wins face-off versus Artem Anisimov in Rangers zone.
18:08 of 3rd period - Wrist shot by Dainius Zubrus.
18:08 of 3rd period - Stopped by Henrik Lundqvist without a rebound.
18:09 of 3rd period - Artem Anisimov wins face-off versus Dave Bolland in Rangers zone.
18:20 of 3rd period - Slapshot by Jason Demers.
18:20 of 3rd period - Stopped by Henrik Lundqvist without a rebound.
18:21 of 3rd period - Dave Bolland wins face-off versus Artem Anisimov in Rangers zone.
19:03 of 3rd period - Jason Demers is hit by Ryan Suter and loses puck.
19:42 of 3rd period - Patrice Bergeron is hit by Jonathan Sigalet and loses puck.
19:47 of 3rd period - Wrist shot by Daymond Langkow.
19:47 of 3rd period - Shot Blocked by Staffan Kronwall.
Goals for this period are 1 for Rangers vs 2 for Bruins.
Shots for this period are 9 for Rangers vs 15 for Bruins.
Back to the Top